 Dungeon Crawl Stone Soup version 0.18.1-1-g2f07953 (webtiles) character file.

548 M4edhros the Sneak (level 7, -5/69 HPs)
             Began as an Octopode Artificer on May 7, 2016.
             Was an Initiate of Fedhas.
             Killed by divine providence
             ... invoked by an orc priest
              (8 damage)
             ... on level 4 of the Dungeon.
             The game lasted 00:04:07 (3006 turns).

M4edhros the Sneak (Octopode Artificer)             Turns: 3006, Time: 00:04:08

Health: -5/69      AC: 23    Str: 11    XL:     7   Next: 28%
Magic:  9/9        EV:  2    Int: 14    God:    Fedhas [......]
Gold:   168        SH:  9    Dex: 19    Spells: 0 memorised, 6 levels left

rFire  . . .     SeeInvis +     (no weapon)
rCold  . . .     Gourm    .     j - +0 shield
rNeg   + + +     Faith    .     (helmet currently unavailable)
rPois  +         Spirit   .     (no amulet)
rElec  .         Dismiss  .     (no ring)
rCorr  .         Reflect  .     (no ring)
SustAt .         Harm     .     y - ring of see invisible
MR     .....     NoTele   +     (no ring)
Stlth  ++++++....               (no ring)
                                (no ring)
                                (no ring)
                                (no ring)

@: agile, tree-form, not resistant to hostile enchantments, very stealthy
A: almost no armour, (amphibious), 8 rings, (constrict 8), (camouflage 0),
(gelatinous body 0)
a: Renounce Religion


You were on level 4 of the Dungeon.
You worshipped Fedhas.
Fedhas was noncommittal.
You were hungry.
You were a tree.
You visited 1 branch of the dungeon, and saw 4 of its levels.

You collected 168 gold pieces.

Inventory:

Hand Weapons
 a - a +0 short sword
 p - a +1 vampiric whip
 r - a cursed -3 blowgun
Missiles
 s - 30 poisoned needles
Armour
 j - a +0 shield (worn)
Jewellery
 y - a ring of see invisible (on tentacle)
Wands
 b - a wand of flame (9/48)
 c - a wand of enslavement (8/24)
 d - a wand of random effects (10/48)
 i - a wand of digging (13/24)
Scrolls
 g - a scroll of identify {unknown}
 l - a scroll of fog {unknown}
 q - a scroll of teleportation {unknown}
 u - a scroll of enchant weapon {unknown}
 v - a scroll of random uselessness {unknown}
Potions
 h - a potion of lignification
 n - a potion of ambrosia {unknown}
 t - a potion of brilliance {unknown}
Comestibles
 f - 2 bread rations
 m - a meat ration


   Skills:
 + Level 3.5 Fighting
 - Level 1.0 Short Blades
 + Level 4.0 Dodging
 + Level 6.0 Stealth
 + Level 3.3 Shields
 - Level 3.2 Evocations


You had 6 spell levels left.
You didn't know any spells.

Dungeon Overview and Level Annotations

Branches:
Dungeon (4/15)
 Temple: D:4-7

Altars:
Cheibriados
Fedhas
Kikubaaqudgha


Innate Abilities, Weirdness & Mutations

You cannot wear most types of armour.
((You are amphibious.))
You can wear up to eight rings at the same time.
((You can use your tentacles to constrict eight enemies at once.))
((Your skin changes colour to match your surroundings (Stealth).))
((Your rubbery body absorbs attacks (AC +1).))


Message History

You kill the orc priest!
Your Stealth skill increases to level 6!
The orc hits you with a whip.
* * * LOW HITPOINT WARNING * * *
The orc priest hits you with a hand axe!
* * * LOW HITPOINT WARNING * * *
You block the orc's attack. x2; The orc completely misses you.
Drink which item? (? for menu, Esc to quit)
It was a potion of lignification.
You turn into a tree.
Your roots penetrate the ground.
The orc priest invokes the aid of Beogh against you.
You struggle to resist.
You block the orc's attack. x2
The orc hits you but does no damage.
You are now empty-handed.
Drink which item? (? for menu, Esc to quit)
It was a potion of magic.
Magic courses through your body.
The orc priest mumbles some strange prayers to Beogh against you.
Beogh smites you!
You die...
Fedhas appreciates your contribution to the ecosystem.

'>....#..............#
.######..............#
.)...................#
.....................#
.....................#
.....................#
.....................#
.................o...#
................♣o...#
##....#########o)o......
.#....'....#..#.........
.#....#....'..#.........
.#....#....#..#.........
##....#..######.......#'
......#..# ..#######
......#..# ..#
......#..#


You could see an orc priest and 3 orcs.

Vanquished Creatures
  Duvessa (D:4)
  2 ogres (D:4)
  An orc priest (D:4)
  An iguana (D:4)
  2 orc wizards (D:4)
  4 gnolls
  An adder (D:3)
  A worm (D:2)
  2 dart slugs (D:1)
  4 giant geckos
  3 orcs (D:4)
  2 bats
  8 giant cockroaches
  5 goblins
  4 hobgoblins
  13 jackals
  9 kobolds
  2 quokkas
  A ball python (D:2)
  5 giant newts
  3 rats (D:1)
74 creatures vanquished.

Vanquished Creatures (collateral kills)
  Dowan (D:4)
  An iguana (D:4)
2 creatures vanquished.

Grand Total: 76 creatures vanquished

Notes
Turn   | Place    | Note
--------------------------------------------------------------
     0 | D:1      | M4edhros the Octopode Artificer began the quest for the Orb.
     0 | D:1      | Reached XP level 1. HP: 13/13 MP: 3/3
    45 | D:1      | Reached skill level 2 in Stealth
   275 | D:1      | Reached XP level 2. HP: 18/18 MP: 4/4
   290 | D:1      | Reached skill level 3 in Stealth
   888 | D:1      | Reached XP level 3. HP: 23/23 MP: 5/5
  1138 | D:1      | Reached skill level 1 in Shields
  1531 | D:2      | Reached XP level 4. HP: 6/28 MP: 6/6
  2001 | D:3      | Reached skill level 4 in Stealth
  2192 | D:4      | Reached XP level 5. HP: 18/34 MP: 7/7
  2373 | D:4      | Noticed an ogre
  2374 | D:4      | Killed an ogre
  2374 | D:4      | Reached XP level 6. HP: 31/41 MP: 8/8
  2396 | D:4      | Reached skill level 5 in Stealth
  2582 | D:4      | Noticed Duvessa
  2582 | D:4      | Noticed Dowan
  2597 | D:4      | Killed Dowan
  2616 | D:4      | Found an ancient bone altar of Kikubaaqudgha.
  2620 | D:4      | Found a blossoming altar of Fedhas.
  2624 | D:4      | Found a snail-covered altar of Cheibriados.
  2641 | D:4      | Became a worshipper of Fedhas Madash
  2674 | D:4      | Killed Duvessa
  2674 | D:4      | Reached XP level 7. HP: 12/46 MP: 9/9
  3003 | D:4      | Reached skill level 6 in Stealth
  3003 | D:4      | HP: 2/46 [orc priest/hand axe (7)]
  3006 | D:4      | Killed from afar by an orc priest

Skill      XL: |  1  2  3  4  5  6  7 |
---------------+----------------------+-----
Stealth        | 2 3 4 5 6 |  6.0
Shields        | 1 2 3 |  3.3
Fighting       | 2 3 |  3.5
Dodging        | 3 4 |  4.0
Short Blades   | |  1.0
Evocations     | |  3.2

Action                   |  1- 3 |  4- 6 |  7- 9 || total
-------------------------+-------+-------+-------++-------
Melee: Short sword       |    84 |    80 |    17 ||   181
       Constrict         |    18 |    22 |     4 ||    44
       Tentacles         |    11 |    13 |     3 ||    27
Evoke: Wand              |       |    18 |       ||    18
  Use: Potion            |       |     1 |     3 ||     4
       Scroll            |       |     2 |       ||     2
 Stab: Sleeping          |    11 |     5 |       ||    16
  Eat: Chunk             |     2 |     3 |     1 ||     6
Armor: Skin              |     8 |     1 |     3 ||    12
Dodge: Dodged            |    40 |    31 |    16 ||    87
Block: Shield            |    19 |    30 |    19 ||    68
